 Dungeon Crawl Stone Soup version 0.26.1-11-gd32895ea62 (webtiles) character file.

Game seed: 13540412002119958939

8 infcreate the Sneak (level 2, 15/15 HPs)
             Began as a Vampire Enchanter on July 10, 2021.
             Quit the game on level 1 of the Dungeon.
             The game lasted 00:00:33 (57 turns).

infcreate the Sneak (Vampire Enchanter)               Turns: 57, Time: 00:00:34

Health: 15/15      AC:  2    Str:  7    XL:     2   Next: 0%
Magic:  5/5        EV: 13    Int: 17    God:
Gold:   0          SH:  0    Dex: 14    Spells: 4/5 levels left

rFire    . . .     SeeInvis +   a - +1 dagger
rCold    + + .     Faith    .   (no shield)
rNeg     + + +     Spirit   .   b - +0 robe
rPois    ∞         Reflect  .   (no helmet)
rElec    .         Harm     .   (no cloak)
rCorr    .         Rampage  .   (no gloves)
Will     .....                  (no boots)
Stlth    +++++.....             (no amulet)
HPRegen  0.05/turn              (no ring)
MPRegen  0.09/turn              (no ring)

@: bloodless
A: fangs 3, see invisible, unbreathing
a: Revivify


You were on level 1 of the Dungeon.
You visited 1 branch of the dungeon, and saw 1 of its levels.


Innate Abilities, Weirdness & Mutations

You do not regenerate when monsters are visible.
You are frail without blood (-20% HP).
You can heal yourself when you bite living creatures.
You are immune to poison.
You have razor-sharp teeth.
You have supernaturally acute eyesight. (SInv)
You can survive without breathing.


   Skills:
 + Level 0.2 Fighting
 + Level 1.3 Short Blades
 * Level 2.4 Dodging
 * Level 4.7 Stealth
 + Level 2.0 Spellcasting
 + Level 4.5 Hexes


You had 4 spell levels left.
You knew the following spells:

 Your Spells              Type           Power        Failure   Level
c - Corona                Hex            18%          3%          1

Your spell library contained the following spells:

 Spells                   Type           Power        Failure   Level
 Confusing Touch          Hex            17%          9%          3
 Tukima's Dance           Hex            17%          9%          3
 Ensorcelled Hibernation  Hex/Ice        18%          12%         2
 Dazzling Flash           Conj/Hex       18%          22%         3

Inventory:

Hand Weapons
 a - a +1 dagger (weapon)
Armour
 b - a +0 robe (worn)
Potions
 c - 2 potions of curing {unknown}
 d - a potion of haste {unknown}

Dungeon Overview and Level Annotations

Branches:
Dungeon (1/15)

Altars:

#..#.####.### .#
####....# #.## .# #
.....#### #..# #.# .#
.##...## ###.# ..##.##
##).8..####...###.......
........##......#.......
...........#.##.........
....8.....##. #...####.
....<.....##.##.@.##>.
.8.....8..##.#).........
...§≈≈....##............
#▒≈≈§≈≈▒#.##............
#▒≈§≈≈≈▒ #.............
#▒≈≈>≈≈▒ ...............
#▒▒▒▒▒▒▒#.#.###...#....#
# #.#. ###...##.# # # #.
.?##


There were no monsters in sight!


Message History

Found a glowing blue potion.
The helpless kobold fails to defend itself.
You bite the kobold, and draw its blood!
You puncture the kobold!
You kill the kobold!
Things that are here:
5 stones; a kobold corpse
c - a glowing blue potion An ooze and a giant cockroach come into view.
Found a scale mail.
The helpless giant cockroach fails to defend itself.
You puncture the giant cockroach!
You kill the giant cockroach!
Found a fizzy black potion.
The helpless ooze fails to defend itself.
You impale the ooze!!
You kill the ooze!
Found a glowing blue potion.
d - a fizzy black potion A goblin comes into view.
It is wielding a +0 dagger.
The helpless goblin fails to defend itself.
You bite the goblin, and draw its blood!
You puncture the goblin!
You kill the goblin!
You have reached level 2!
Found a scroll labelled PEYPAJEACA.
Found a stone staircase leading down.
Things that are here:
a +0 dagger; a goblin corpse
c - 2 glowing blue potions (gained 1) Are you sure you want to abandon this character and quit the game? (Confirm with "yes".)

Action                   || total
-------------------------++-------
Melee: Dagger            ||     4
 Abil: Exsanguinate      ||     1
 Stab: Sleeping          ||     4

Levels and vault maps discovered:
D:1:      grunt_arrival_lava_bath, layout_rooms, serial_rivers,
          chequers_serial_rivers_micro_e, chequers_serial_rivers_large_b,
          chequers_serial_rivers_micro_b, chequers_serial_rivers_micro_e

Notes
Turn   | Place    | Note
-------+----------+-------------------------------------------
     0 | D:1      | infcreate the Vampire Enchanter began the quest for the
                  | Orb.
     0 | D:1      | Reached XP level 1. HP: 13/13 MP: 3/3
    53 | D:1      | Reached XP level 2. HP: 15/15 MP: 5/5
    57 | D:1      | Quit the game

Vanquished Creatures
  An ooze (D:1)
  A giant cockroach (D:1)
  A goblin (D:1)
  A kobold (D:1)
4 creatures vanquished.

Table legend: (Time is in decaauts)
 A = Elapsed time spent in this place.
 B = Non-inter-level travel time spent in this place.
 C = Inter-level travel time spent in this place.
 D = Time resting spent in this place.
 E = Time spent auto-exploring this place.
 F = Levels seen in this place.
 G = Mean time per level.
                   A        B        C        D        E       F      G
               +--------+--------+--------+--------+--------+-----+--------+
         Total |     56 |     56 |      0 |      0 |      0 |   1 |   56.0 |
       Dungeon |     56 |     56 |      0 |      0 |      0 |   1 |   56.0 |
               +--------+--------+--------+--------+--------+-----+--------+

Top non-repeatable levels by time:
     D:1: 56 daAuts

Table legend:
 A = Non-vault XP
 B = Vault XP
 C = Vault XP percentage of total XP
 D = Non-vault monster count
 E = Vault monster count
 F = Vault count percentage of total count
                 A         B        C        D         E       F
            +---------+---------+-------+---------+---------+-------
      Total |      12 |       0 |   0.0 |       4 |       0 |   0.0
            +---------+---------+-------+---------+---------+-------
        D:1 |      12 |       0 |   0.0 |       4 |       0 |   0.0
            +---------+---------+-------+---------+---------+-------
